 Dungeon Crawl Stone Soup version 0.20.1-1-g8b1a95d (console) character file.

974 hilaritas the Cleaver (level 8, -1/67 HPs)
             Began as a Hill Orc Fighter on Nov 17, 2017.
             Was an Initiate of Beogh.
             Slain by a bullfrog zombie (5 damage)
             ... on level 5 of the Dungeon.
             The game lasted 00:09:47 (3886 turns).

hilaritas the Cleaver (Hill Orc Fighter)            Turns: 3886, Time: 00:09:48

Health: -1/67      AC: 12    Str: 21    XL:     8   Next: 16%
Magic:  9/9        EV:  4    Int:  8    God:    Beogh [......]
Gold:   209        SH: 10    Dex: 10    Spells: 7/7 levels left

rFire    . . .     SeeInvis .   a - +1 war axe
rCold    . . .     Gourm    +   c - +0 shield
rNeg     . . .     Faith    .   t - +0 plate armour
rPois    .         Spirit   .   (no helmet)
rElec    .         Reflect  .   (no cloak)
rCorr    .         Harm     .   (no gloves)
MR       .....                  p - +0 pair of boots
Stlth    ..........             r - amulet of the gourmand
Regen    0.3/turn               (no ring)
MPRegen  0.2/turn               (no ring)

@: no status effects
A: no striking features
a: Renounce Religion


You were on level 5 of the Dungeon.
You worshipped Beogh.
Beogh was noncommittal.
You were not hungry.

You visited 1 branch of the dungeon, and saw 5 of its levels.

You collected 209 gold pieces.

Inventory:

Hand Weapons
 a - a +1 war axe (weapon)
 j - a +0 whip of flaming
 s - a +0 war axe
Armour
 c - a +0 shield (worn)
 p - a +0 pair of boots (worn)
 t - a +0 plate armour (worn)
Jewellery
 r - an amulet of the gourmand (around neck)
Scrolls
 e - 4 scrolls of identify
 h - 2 scrolls of enchant weapon
Potions
 k - a potion of magic {unknown}
 n - a potion of degeneration {unknown}
Comestibles
 f - 2 bread rations
 l - a royal jelly
 m - 3 meat rations


   Skills:
 + Level 4.8 Fighting
 * Level 9.8 Axes
 - Level 3.2 Armour
 + Level 5.6 Shields
 * Level 2.5 Invocations


You had 7 spell levels left.
You didn't know any spells.

Dungeon Overview and Level Annotations

Branches:
Dungeon (5/15)
 Temple: D:4-7

Altars:
Cheibriados
Elyvilon
Fedhas


Message History

The ogre hits you with a giant spiked club!!
You hit the ogre.
The ogre is heavily wounded.
The ogre hits you with a giant spiked club!!
* * * LOW HITPOINT WARNING * * *
You slash the ogre!
The ogre is severely wounded.
You slash the bullfrog zombie!
The bullfrog zombie hits you but does no damage.
The bullfrog zombie hits you.
* * * LOW HITPOINT WARNING * * *
You feel better.
The ogre hits you with a giant spiked club!!
* * * LOW HITPOINT WARNING * * *
You block the bullfrog zombie's attack.
You slice the ogre!!
You kill the ogre!
Beogh accepts your kill.
You hit the bullfrog zombie. The bullfrog zombie hits you.
You die...

# .# ## ### .# .. #....
## # ##.#. #. ... ##.
#)# #... #@# .
#####.#.###Z# ...
#..........5#..... #.#
#..##......../. #.#
#..##.####..#.#
######.###..##.####..#
.............#.........
######..##.†...........#
##...#.###..####.. .
#####.###.......#
......# #......##


You could see a crimson imp and a bullfrog zombie.

Vanquished Creatures
  Grinder (D:3)
  A sky beast (D:5)
  An ogre (D:5)
  The ghost of Irenicus the Chopper, an amateur DDMo (D:3)
  The ghost of Folque the Magician, an amateur OpWz of Sif Muna (D:4)
  2 scorpions
  A howler monkey (D:4)
  An orc wizard (D:4)
  2 iguanas (D:4)
  2 worker ants
  A hound skeleton (D:4)
  A mummy (D:4)
  8 adders
  An ooze (D:1)
  An adder skeleton (D:4)
  A worm (D:2)
  2 dart slugs
  2 leopard geckos (D:2)
  9 orcs
  5 giant cockroaches
  7 goblins
  9 hobgoblins
  7 jackals
  7 kobolds
  A quokka (D:2)
  4 ball pythons
  5 bats
  3 frilled lizards
  5 rats
92 creatures vanquished.

Vanquished Creatures (others)
  An adder (D:4)
  4 orcs (D:4)
5 creatures vanquished.

Grand Total: 97 creatures vanquished

Notes
Turn   | Place    | Note
-------+----------+-------------------------------------------
     0 | D:1      | hilaritas the Hill Orc Fighter began the quest for the Orb.
     0 | D:1      | Reached XP level 1. HP: 19/19 MP: 1/1
   201 | D:1      | Reached skill level 3 in Axes
   220 | D:1      | Reached XP level 2. HP: 21/27 MP: 2/2
   536 | D:1      | Reached XP level 3. HP: 31/33 MP: 3/3
   815 | D:2      | Found a blossoming altar of Fedhas.
  1053 | D:2      | Reached skill level 4 in Axes
  1212 | D:2      | Reached XP level 4. HP: 40/40 MP: 4/4
  1605 | D:3      | Noticed Irenicus's ghost (amateur DDMo)
  1626 | D:3      | Killed Irenicus's ghost
  1626 | D:3      | Reached skill level 5 in Axes
  1626 | D:3      | Reached XP level 5. HP: 14/46 MP: 5/5
  1879 | D:3      | Reached skill level 6 in Axes
  1931 | D:3      | Found a white marble altar of Elyvilon.
  2354 | D:3      | Noticed Grinder
  2365 | D:3      | Killed Grinder
  2365 | D:3      | Reached skill level 7 in Axes
  2365 | D:3      | Reached XP level 6. HP: 38/53 MP: 6/6
  2485 | D:4      | Reached skill level 5 in Shields
  2546 | D:4      | Reached skill level 8 in Axes
  2546 | D:4      | Reached XP level 7. HP: 59/60 MP: 7/7
  2739 | D:4      | Became a worshipper of Beogh the Brigand
  3324 | D:4      | Found a snail-covered altar of Cheibriados.
  3384 | D:4      | Reached skill level 1 in Invocations
  3521 | D:4      | Noticed Folque's ghost (amateur OpWz)
  3532 | D:4      | Killed Folque's ghost
  3532 | D:4      | Reached skill level 9 in Axes
  3674 | D:5      | Entered Level 5 of the Dungeon
  3800 | D:5      | Reached XP level 8. HP: 67/67 MP: 9/9
  3886 | D:5      | Slain by a bullfrog zombie

Skill      XL: |  1  2  3  4  5  6  7  8 |
---------------+-------------------------+-----
Axes           | 3 4 5 7 8 9 |  9.8
Shields        | 4 5 |  5.6
Fighting       | 4 |  4.8
Invocations    | 1 2 |  2.5
Armour         | |  3.2

Action                   |  1- 3 |  4- 6 |  7- 9 || total
-------------------------+-------+-------+-------++-------
Melee: War axe           |   130 |   103 |   105 ||   338
Invok: Convert to Beogh  |       |       |     1 ||     1
  Use: Potion            |       |     1 |     2 ||     3
       Scroll            |       |     5 |     1 ||     6
  Eat: Chunk             |     1 |     5 |     7 ||    13
Armor: Scale mail        |    47 |     4 |       ||    51
       Chain mail        |       |    18 |       ||    18
       Plate armour      |       |    32 |    63 ||    95
Dodge: Dodged            |    40 |    18 |    17 ||    75
Block: Shield            |    65 |    49 |    42 ||   156
